 Dungeon Crawl Stone Soup version 0.28-a0-1524-ge72afd5fc6 (webtiles) character file.

Game seed: 5031484038233381329

9 knot the Chopper (level 2, 32/36 HPs)
             Began as a Demonspawn Berserker on Jan 18, 2022.
             Was a Follower of Trog.
             Quit the game on level 1 of the Dungeon.
             The game lasted 00:00:21 (225 turns).

knot the Chopper (Demonspawn Berserker)              Turns: 225, Time: 00:00:22

Health: 32/36      AC:  5    Str: 17    XL:     2   Next: 6%
Magic:  11/11      EV: 11    Int:  8    God:    Trog [*.....]
Gold:   0          SH:  0    Dex: 14    Spells: 1/1 levels left

rFire   . . .      SeeInvis .   a - +0 hand axe
rCold   . . .      Faith    .   (no shield)
rNeg    . . .      Spirit   .   d - +0 ring mail
rPois   .          Reflect  .   (no helmet)
rElec   .          Harm     .   (no cloak)
rCorr   .          Rampage  .   (no gloves)
Will    .....                   (no boots)
Stlth   ..........              (no amulet)
HPRegen 0.12/turn               c - ring of magical power
MPRegen 0.12/turn               (no ring)

@: berserking, very quick
A: thin skeletal structure 1
a: Renounce Religion, Berserk


You were on level 1 of the Dungeon.
You worshipped Trog.
Trog was aware of your devotion.
You visited 1 branch of the dungeon, and saw 1 of its levels.

Inventory:

Hand Weapons
 a - a +0 hand axe (weapon)
Armour
 d - a +0 ring mail (worn)
Jewellery
 c - a ring of magical power (left hand)


   Skills:
 - Level 3.0 Fighting
 + Level 3.3 Axes
 - Level 1.7 Armour
 - Level 1.7 Dodging


You had one spell level left.
You didn't know any spells.
Your spell library was empty.

Dungeon Overview and Level Annotations

Branches:
Dungeon (1/15)

Altars:


Innate Abilities, Weirdness & Mutations

You have a somewhat thin skeletal structure. (Dex +2, Stealth+)


Message History

You hit the quokka.
You kill the quokka!
Trog accepts your kill.
A giant cockroach comes into view.
A goblin comes into view. It is wielding a +0 club.
The goblin shouts!
The goblin moves out of view.
You see here a quokka corpse.
You hit the hobgoblin.
The hobgoblin is severely wounded.
The hobgoblin barely misses you.
You hit the hobgoblin.
You kill the hobgoblin!
Trog accepts your kill.
You hit the giant cockroach but do no damage.
The giant cockroach closely misses you.
Unknown command.
A red film seems to cover your vision as you go berserk!
You feel yourself moving faster!
You feel mighty!
The ball python closely misses you. x2; The giant cockroach closely misses you.
A giant cockroach comes into view.
The ball python closely misses you. The ball python grabs you.
The ball python constricts you. The giant cockroach bites you.
You closely miss the ball python. You barely miss the goblin.
You closely miss the giant cockroach. The goblin barely misses you.
The ball python bites you but does no damage.
The ball python constricts you.
The giant cockroach bites you but does no damage.
You slash the ball python!
You kill the ball python!
Trog accepts your kill.
You slash the goblin!
You kill the goblin!
Trog accepts your kill.
You barely miss the giant cockroach.
The giant cockroach bites you but does no damage.
You have reached level 2!
Your demonic ancestry asserts itself...
Your bones become slightly less dense.
Are you sure you want to abandon this character and quit the game? (Confirm with "yes".)

# ... b #.#######
.B#...... .........
#####.....[..
#............ #######
#.....)...... ......
#....@B....# #...#
#...†...#### #...#
#.†.....# '...+
#.......# ##.##
#.......#
##.####+####..........
#...##................
#...##...............).
##.####'###########....


You could see 2 giant cockroaches.

Vanquished Creatures
  A giant cockroach (D:1)
  2 goblins (D:1)
  2 hobgoblins (D:1)
  A quokka (D:1)
  A ball python (D:1)
  A rat (D:1)
8 creatures vanquished.

Notes
Turn   | Place    | Note
-------+----------+-------------------------------------------
     0 | D:1      | knot the Demonspawn Berserker began the quest for the Orb.
     0 | D:1      | Reached XP level 1. HP: 18/18 MP: 1/1
   225 | D:1      | Gained mutation: You have a somewhat thin skeletal
                  | structure. (Dex +2, Stealth+) [demonic ancestry]
   225 | D:1      | Reached XP level 2. HP: 24/24 MP: 2/2
   225 | D:1      | Quit the game

Illustrated notes

Levels and vault maps discovered:
D:1:      dpeg_arrival_houses_and_road, layout_basic, st_stairs_9

Skill      XL: |  1 |
---------------+----+-----
Axes           | 3 |  3.3
Fighting       | |  3.0
Armour         | |  1.7
Dodging        | |  1.7

Action                   || total
-------------------------++-------
Melee: Hand axe          ||    15
Invok: Berserk           ||     2
Armor: Ring mail         ||     5
       Animal skin       ||     1
Dodge: Dodged            ||    14

Table legend: (Time is in decaauts)
 A = Elapsed time spent in this place.
 B = Non-inter-level travel time spent in this place.
 C = Inter-level travel time spent in this place.
 D = Time resting spent in this place.
 E = Time spent auto-exploring this place.
 F = Levels seen in this place.
 G = Mean time per level.
                   A        B        C        D        E       F      G
               +--------+--------+--------+--------+--------+-----+--------+
         Total |    234 |    226 |      8 |     77 |     97 |   1 |  234.0 |
       Dungeon |    234 |    226 |      8 |     77 |     97 |   1 |  234.0 |
               +--------+--------+--------+--------+--------+-----+--------+

Top non-repeatable levels by time:
     D:1: 234 daAuts
